 Dungeon Crawl Stone Soup version 0.27-a0-1325-g58a489ad9e (webtiles) character file.

Game seed: 7041868030258401996

56455 dinky3 the Bewitcher (level 13, -1/56 (60) HPs)
             Began as a Spriggan Enchanter on June 25, 2021.
             Was an Elder of Dithmenos.
             Slain by a bog body (14 damage)
             ... on level 3 of the Lair of Beasts.
             The game lasted 01:00:22 (8179 turns).

dinky3 the Bewitcher (Spriggan Enchanter)           Turns: 8179, Time: 01:00:23

HP:   -1/56 (60)    AC:  7    Str:  4    XL:     13   Next: 90%
MP:   12/26         EV: 30    Int: 20    God:    Dithmenos [****..]
Gold: 443           SH:  0    Dex: 17    Spells: 5/28 levels left

rFire    . . .     SeeInvis +   a - +7 captain's cutlass {speed, disarm}
rCold    + . .     Faith    .   (shield restricted)
rNeg     . . .     Spirit   .   y - +0 troll leather armour
rPois    .         Reflect  .   D - +2 hat
rElec    .         Harm     .   p - +0 cloak of the Villain {rC+ Regen+}
rCorr    .         Rampage  .   (gloves unavailable)
Will     ++...                  (boots unavailable)
Stlth    ++++++++..             O - amulet of magic regeneration
HPRegen  2.18/turn              i - +4 ring of evasion
MPRegen  0.45/turn              v - +4 ring of evasion

@: wereblooded, wreathed by umbra, studying Conjurations, drained, very quick
A: very small, no large weapons, unfitting armour, see invisible, speed 3
}: 1/15 runes: gossamer
a: Renounce Religion, Shadow Step


You were on level 3 of the Lair of Beasts.
You worshipped Dithmenos.
Dithmenos was greatly pleased with you.
You visited 6 branches of the dungeon, and saw 29 of its levels.
You also visited: Gauntlet and Ice Cave.

You collected 1673 gold pieces.
You spent 1230 gold pieces at shops.

Inventory:

Hand Weapons
 a - the +7 captain's cutlass (weapon) {speed, disarm}
   (You acquired it on level 4 of the Lair of Beasts)

   Attacks with this weapon are significantly faster.
 b - a +3 dagger of holy wrath
 o - the +9 whip of the Leaping Priest {protect, rPois rF+}
   (You found it on level 5 of the Dungeon)

   It grants its wielder temporary protection when it strikes (+7 to AC).
   It protects you from fire.
   It protects you from poison.
 B - the +1 long sword "Gopped" {venom, +Rage rF++ Will+ Int-4}
   (You found it on level 11 of the Dungeon)

   It poisons the flesh of those it strikes.
   It affects your intelligence (-4).
   It greatly protects you from fire.
   It lets you go berserk.
   It increases your willpower.
Missiles
 h - a poisoned dart (quivered)
 E - a throwing net
Armour
 p - the +0 cloak of the Villain (worn) {rC+ Regen+}
   (You found it in a Gauntlet)

   It protects you from cold.
   It increases your rate of health regeneration.
 s - a +2 robe of the Archmagi
 y - a +0 troll leather armour (worn)
 D - a +2 hat (worn)
Magical Staves
 L - a staff of cold
Jewellery
 c - an amulet of faith
 g - a ring of protection from fire
 i - a +4 ring of evasion (left hand)
 m - a +6 ring of dexterity
 v - a +4 ring of evasion (right hand)
 I - the ring "Xerghepla" {*Slow rF+ rN+ Str+3 SInv}
   (You found it in a Gauntlet)

   [ring of positive energy]

   It affects your strength (+3).
   It protects you from fire.
   It protects you from negative energy.
   It lets you see invisible.
   It may slow you when you take damage.
 O - an amulet of magic regeneration (around neck)
Wands
 r - a wand of digging (5)
 H - a wand of flame (8)
 Q - a wand of charming (5)
 S - a wand of iceblast (6)
Scrolls
 f - 2 scrolls of teleportation
 w - a scroll of silence
 z - 2 scrolls of amnesia
 A - a scroll of immolation
 C - 3 scrolls of magic mapping
 J - 2 scrolls of fear
 M - 3 scrolls of enchant weapon
 N - a scroll of fog
 R - a scroll of identify
Potions
 d - a potion of flight
 e - a potion of haste
 k - 2 potions of curing
 l - 3 potions of magic
 n - a potion of mutation
 q - 2 potions of berserk rage
 u - 2 potions of heal wounds
 x - a potion of ambrosia
 F - 2 potions of brilliance
 G - a potion of invisibility
 K - a potion of cancellation
 P - a potion of lignification
Miscellaneous
 j - a phantom mirror
 t - a phial of floods


   Skills:
 - Level 3.6 Fighting
 - Level 11.6 Short Blades
 - Level 10.5 Dodging
 - Level 14.3 Stealth
 - Level 8.0 Spellcasting
 + Level 15.2 Hexes
 + Level 8.2 Translocations
 - Level 9.4 Transmutations
 + Level 5.3 Invocations


You had 5 spell levels left.
You knew the following spells:

 Your Spells              Type           Power      Damage    Failure   Level
a - Corona                Hex            68%        N/A       1%          1
b - Ensorcelled Hibernat  Hex/Ice        76%        N/A       1%          2
c - Confusing Touch       Hex            62%        N/A       1%          3
d - Tukima's Dance        Hex            62%        N/A       1%          3
e - Dazzling Flash        Conj/Hex       76%        N/A       1%          3
f - Wereblood             Tmut           45%        N/A       1%          2
g - Cause Fear            Hex            31%        N/A       1%          4
h - Blink                 Tloc           N/A        N/A       1%          2
i - Teleport Other        Tloc           40%        N/A       1%          3

Your spell library contained the following spells:

 Spells                   Type           Power      Damage    Failure   Level
 Beastly Appendage        Tmut           90%        N/A       1%          1
 Gell's Gravitas          Tloc           20%        N/A       1%          3
 Lesser Beckoning         Tloc           20%        N/A       1%          3
 Sting                    Tmut/Pois      100%       1d8       2%          1
 Yara's Violent Unravell  Hex/Tmut       27%        3d12      2%          5
 Spider Form              Tmut/Pois      13%        N/A       7%          3
 Ignite Poison            Fire/Tmut/Pois 20%        N/A       13%         3
 Manifold Assault         Tloc           40%        N/A       14%         5
 Silence                  Hex/Air        19%        N/A       19%         5
 Poisonous Vapours        Pois/Air       16%        N/A       22%         2
 Ice Form                 Ice/Tmut       26%        N/A       22%         4
 Mephitic Cloud           Conj/Pois/Air  8%         N/A       41%         3
 Olgreb's Toxic Radiance  Pois           8%         N/A       83%         4
 Discord                  Hex            31%        N/A       89%         8


Dungeon Overview and Level Annotations

Branches:
Dungeon (15/15)            Temple (1/1) D:7            Lair (6/6) D:9
  Swamp (0/4) Lair:3       Spider (4/4) Lair:2        Slime (0/5) Lair:6
    Orc (2/2) D:9             Elf (1/3) Orc:2         IceCv (visited)
Gauntlet (visited)
 Vaults: D:13-14     Depths: D:15

Altars:
Ashenzari
Dithmenos
Elyvilon
Fedhas
Gozag
Kikubaaqudgha
Nemelex Xobeh
Qazlal
Ru
Sif Muna
Trog
Uskayaw
Vehumet
Wu Jian
Xom
Zin
Beogh

Shops:
D:9 *   D:13 [   Orc:1 *   Orc:2 (!:!

Annotations:
D:2 Ijyb
D:5 3 runed translucent doors, mordus's ghost, novice DjEE
D:6 Menkaure
Lair:3 dolemite99's ghost, journeyman MiBe
Lair:5 2 transporters
Orc:2 Erolcha


Innate Abilities, Weirdness & Mutations

You are very small and have problems with some larger weapons.
You are too small for most types of armour.
You have supernaturally acute eyesight. (SInv)
You cover ground extremely quickly. (Speed+++)


Message History

The blink frog completely misses you. x2; The bog body completely misses you.
You puncture the bog body!
You destroy the bog body!
Dithmenos accepts your kill.
Casting: Dazzling Flash (safe; 1% risk of failure)
Confirm with . or Enter, or press ? or * to list all spells.
Okay, then.
Casting: Dazzling Flash (safe; 1% risk of failure)
Confirm with . or Enter, or press ? or * to list all spells.
Your blood is infused with primal strength.
The blink frog misses you. The blink frog completely misses you.
The bog body touches you! The bog body freezes you! You resist.
The blink frog closely misses you. The blink frog misses you.
You strike the helpless blink frog from behind!
You skewer the blink frog like a kebab!!!
You feel a bit better.
You kill the blink frog!
Dithmenos accepts your kill. The bog body completely misses you.
You strike the helpless blink frog from behind!
You impale the blink frog!!
The blink frog is almost dead.
The blink frog misses you.
You catch the helpless blink frog completely off-guard!
You skewer the blink frog like a kebab!!!
You feel a bit better.
You kill the blink frog!
Dithmenos accepts your kill.
You howl as the wereblood boils in your veins!
The bog body touches you!
* * * LOW HITPOINT WARNING * * *
The bog body freezes you! You resist.
* * * LOW HITPOINT WARNING * * *
Unknown command.
Okay, then.
Unknown command.
You feel much better. The bog body touches you!
* * * LOW HITPOINT WARNING * * *
The bog body freezes you! You resist.
You die...

#.§§§♣♣.'#...+#.#....#..
#..≈≈≈..........#..###>.
#............[.....h....
#......................h
#.....................
##................>...
#..<................h
##.n.†...............
##.†@.†....###.##....
#..........# ###.#...
##..#..#P..# ##....
#...§.##...####.##..F
#.....###............
##..#####....#.##.#
#..## #.....# #...#
#.....# #..## #.....##


You could see a bog body.

Vanquished Creatures
  2 emperor scorpions (Spider:4)
  A minotaur (Gauntlet)
  Josephine (Orc:1)
  Snorg (D:11)
  Harold (D:8)
  3 boulder beetles
  5 hydras
  An ogre mage (Orc:2)
  Nergalle (Orc:2)
  A bog body (Lair:3)
  4 orb spiders
  5 orc sorcerers (Orc:2)
  4 wolf spiders
  An orc knight (Orc:2)
  A deep elf pyromancer (D:13)
  2 cyclopes
  A manticore (D:11)
  7 black mambas
  An unseen horror (D:11)
  6 cane toads
  An eye of devastation (shapeshifter) (D:13)
  4 demonic crawlers
  3 komodo dragons
  3 rime drakes
  10 jumping spiders
  4 trolls
  A polar bear (Lair:2)
  A hornet (Spider:3)
  14 blink frogs
  5 yaks (Lair:5)
  3 tarantellas
  4 humans (D:13)
  21 redbacks
  3 wraiths
  2 wyverns
  2 basilisks
  3 wargs
  An acid dragon (D:11)
  8 water moccasins
  An ice beast (D:8)
  4 orc warriors
  2 sky beasts
  A hornet zombie (D:6)
  2 necrophages (D:7)
  An ogre (Orc:1)
  10 wolves
  3 centaurs
  A phantom (D:4)
  2 kobold brigands
  5 bullfrogs
  A scorpion (D:6)
  A water moccasin skeleton (D:6)
  5 killer bees (D:11)
  3 wights (D:8)
  A howler monkey (D:4)
  A bullfrog zombie (D:5)
  An electric eel (Spider:4)
  3 hounds
  A jelly (Lair:6)
  2 bullfrog skeletons (D:7)
  3 orc priests
  3 iguanas
  22 orc wizards
  A howler monkey zombie (D:7)
  An adder (D:4)
  A white imp (D:5)
  A dart slug (D:1)
  23 orcs
  4 ball pythons
  3 bats
  2 endoplasms
  A jackal (D:2)
  7 kobolds
  3 quokkas
  2 frilled lizards (D:1)
  2 goblins
  2 rats
274 creatures vanquished.

Vanquished Creatures (collateral kills)
  Grum (D:8)
  3 orc warriors
  An ogre (Orc:2)
  An orc wizard (D:8)
  12 orcs
  4 kobolds (D:10)
22 creatures vanquished.

Vanquished Creatures (others)
  2 dancing weapons (Orc:2)
  A dream sheep (Lair:6)
  A wolf (Lair:6)
  An orc (Orc:2)
  3 bushes
  27 fungi
  68 plants
103 creatures vanquished.

Grand Total: 399 creatures vanquished

Notes
Turn   | Place    | Note
-------+----------+-------------------------------------------
     0 | D:1      | dinky3 the Spriggan Enchanter began the quest for the Orb.
     0 | D:1      | Reached XP level 1. HP: 9/9 MP: 5/5
    61 | D:2      | Found a hide-covered altar of Uskayaw.
   185 | D:1      | Reached XP level 2. HP: 11/13 MP: 4/6
   191 | D:1      | Reached skill level 5 in Stealth
   198 | D:1      | Learned a level 2 spell: Ensorcelled Hibernation
   251 | D:2      | Noticed an ogre
   317 | D:2      | Noticed Ijyb
   451 | D:1      | Found a faded altar of an unknown god.
   737 | D:4      | Noticed a howler monkey
   737 | D:4      | Noticed a phantom
   738 | D:4      | Killed a phantom
   739 | D:4      | Reached skill level 4 in Hexes
   739 | D:4      | Reached XP level 3. HP: 5/16 MP: 1/8
   739 | D:4      | Reached XP level 4. HP: 7/21 MP: 1/9
   791 | D:4      | Learned a level 3 spell: Confusing Touch
   853 | D:4      | Reached XP level 5. HP: 14/24 MP: 6/10
   933 | D:4      | Noticed a phantom
   952 | D:5      | Entered Level 5 of the Dungeon
   957 | D:5      | Learned a level 3 spell: Tukima's Dance
  1061 | D:5      | Reached XP level 6. HP: 23/28 MP: 8/11
  1128 | D:5      | Found a runed translucent gate.
  1131 | D:5      | Found a runed translucent gate.
  1132 | D:5      | Found a runed translucent gate.
  1132 | D:5      | Noticed mordus's ghost (novice DjEE)
  1133 | D:5      | Noticed a sky beast
  1138 | D:5      | Killed a sky beast
  1139 | D:5      | Reached skill level 5 in Hexes
  1173 | D:5      | Identified the +9 whip of the Leaping Priest {protect,
                  | rPois rF+}
  1408 | D:6      | Reached skill level 5 in Short Blades
  1408 | D:6      | Reached XP level 7. HP: 12/32 MP: 2/12
  1413 | D:6      | Noticed Menkaure
  1535 | D:5      | Reached skill level 6 in Hexes
  1542 | D:5      | Found a white marble altar of Elyvilon.
  1801 | D:7      | Learned a level 3 spell: Dazzling Flash
  1836 | D:7      | Reached skill level 10 in Stealth
  1836 | D:7      | Reached skill level 7 in Hexes
  1836 | D:7      | Reached XP level 8. HP: 35/36 MP: 10/13
  1945 | D:7      | Found a staircase to the Ecumenical Temple.
  1954 | Temple   | Entered the Ecumenical Temple
  1962 | Temple   | Became a worshipper of Dithmenos the Shadowed
  2131 | D:8      | Noticed Grum
  2170 | D:8      | Noticed Harold
  2261 | D:9      | Noticed a troll
  2267 | D:9      | Killed a troll
  2268 | D:9      | Reached skill level 8 in Hexes
  2316 | D:10     | Entered Level 10 of the Dungeon
  2375 | D:10     | Found an opulent altar of Gozag.
  2487 | D:10     | Found a bloodstained altar of Trog.
  2552 | D:10     | Noticed a troll
  2559 | D:10     | Killed a troll
  2559 | D:10     | Reached * piety under Dithmenos
  2560 | D:10     | Reached XP level 9. HP: 19/39 MP: 3/14
  2805 | D:11     | Found the +10 Black Knight's barding {ponderous, rPois rN+}
  2805 | D:11     | Noticed an unseen horror
  2805 | D:11     | Noticed an eight-headed hydra
  2811 | D:11     | Killed an eight-headed hydra
  2812 | D:11     | Reached skill level 5 in Dodging
  2812 | D:11     | Reached skill level 9 in Hexes
  2813 | D:11     | Killed an unseen horror
  2824 | D:11     | Noticed a manticore
  2877 | D:11     | Identified the +1 long sword "Gopped" {venom, +Rage rF++
                  | Will+ Int-4}
  2914 | D:11     | Noticed Snorg
  2920 | D:11     | Killed Snorg
  2921 | D:11     | Reached XP level 10. HP: 38/44 MP: 15/15
  3047 | D:11     | Reached skill level 10 in Hexes
  3156 | D:12     | Noticed a cyclops
  3161 | D:12     | Learned a level 2 spell: Wereblood
  3221 | D:12     | Noticed a gargoyle
  3320 | D:12     | Found a broken altar of Ashenzari.
  3378 | D:13     | Noticed an eye of devastation
  3379 | D:13     | Killed an eye of devastation
  3380 | D:13     | Reached skill level 1 in Fighting
  3380 | D:13     | Reached skill level 1 in Transmutations
  3388 | D:13     | Found a frozen archway.
  3397 | IceCv    | Entered an ice cave
  3582 | D:13     | Found Cilatesa's Antique Armour Boutique.
  3634 | D:13     | Noticed a deep elf pyromancer
  3641 | D:13     | Killed a deep elf pyromancer
  3684 | D:13     | Noticed a centaur warrior
  3739 | D:12     | Noticed a cyclops
  3916 | D:12     | You fall into a shaft and drop 2 floors!
  3933 | D:15     | Entered Level 15 of the Dungeon
  3955 | D:12     | Noticed a six-headed hydra
  4011 | D:11     | Killed a manticore
  4220 | D:9      | Found a staircase to the Lair.
  4302 | D:8      | Killed Harold
  4302 | D:8      | Reached ** piety under Dithmenos
  4434 | D:8      | Killed Grum
  4604 | D:9      | Reached XP level 11. HP: 35/52 MP: 2/16
  4669 | D:9      | Found a staircase to the Orcish Mines.
  4687 | D:9      | Found a stormy altar of Qazlal.
  4690 | D:9      | Found a broken altar of Ashenzari.
  4740 | Orc:1    | Entered Level 1 of the Orcish Mines
  4740 | Orc:1    | Found Seatojea's General Store.
  4766 | Orc:1    | Bought a potion of invisibility for 88 gold pieces
  4782 | Orc:1    | Reached *** piety under Dithmenos
  4819 | Orc:2    | Entered Level 2 of the Orcish Mines
  4827 | Orc:1    | Noticed Josephine
  4829 | Orc:1    | Noticed an orc sorcerer
  4843 | Orc:1    | Killed Josephine
  4844 | Orc:1    | Reached skill level 5 in Transmutations
  5021 | Orc:2    | Noticed an orc knight
  5045 | Orc:2    | Found a staircase to the Elven Halls.
  5050 | Orc:2    | Noticed an orc sorcerer
  5124 | Orc:2    | Paralysed by an orc sorcerer for 2 turns
  5125 | Orc:2    | Killed an orc sorcerer
  5137 | Orc:2    | Killed an orc knight
  5267 | Orc:2    | Noticed an orc sorcerer
  5272 | Orc:2    | Found Wirod's Antique Weapon Shoppe.
  5272 | Orc:2    | Noticed an orc sorcerer
  5273 | Orc:2    | Noticed an orc sorcerer
  5275 | Orc:2    | Killed an orc sorcerer
  5290 | Orc:2    | Noticed a sun demon
  5299 | Orc:2    | Noticed an orc sorcerer
  5336 | Elf:1    | Entered Level 1 of the Elven Halls
  5336 | Elf:1    | Noticed a deep elf pyromancer
  5336 | Elf:1    | Noticed a deep elf pyromancer
  5337 | Elf:1    | Noticed a deep elf zephyrmancer
  5400 | Orc:2    | Killed an orc sorcerer
  5417 | Orc:2    | Noticed an orc sorcerer
  5437 | Orc:2    | Killed an orc sorcerer
  5471 | Orc:2    | Found an ancient bone altar of Kikubaaqudgha.
  5472 | Orc:2    | Noticed Nergalle
  5473 | Orc:2    | Noticed an ogre mage
  5536 | Orc:2    | Killed an ogre mage
  5537 | Orc:2    | Reached skill level 10 in Short Blades
  5537 | Orc:2    | Reached skill level 11 in Hexes
  5554 | Orc:2    | Killed Nergalle
  5567 | Orc:2    | Reached **** piety under Dithmenos
  5570 | Orc:2    | Noticed Erolcha
  5637 | Orc:2    | Noticed an orc sorcerer
  5638 | Orc:2    | Found Mutym's Distillery.
  5639 | Orc:2    | Noticed an orc sorcerer
  5648 | Orc:2    | Noticed a sixfirhy
  5648 | Orc:2    | Killed an orc sorcerer
  5650 | Orc:2    | Found Jonufyorgh's Book Shoppe.
  5654 | Orc:2    | Found Gebriul's Distillery.
  5656 | Orc:2    | Bought a book of Hexes for 700 gold pieces
  5665 | Orc:2    | Bought a potion of heal wounds for 85 gold pieces
  5665 | Orc:2    | Bought a potion of heal wounds for 85 gold pieces
  5665 | Orc:2    | Bought a potion of magic for 136 gold pieces
  5665 | Orc:2    | Bought a potion of mutation for 136 gold pieces
  5814 | D:9      | Found Pukhef's Changing Room.
  5840 | Lair:1   | Entered Level 1 of the Lair of Beasts
  5848 | Lair:1   | Learned a level 4 spell: Cause Fear
  5976 | Lair:1   | Reached skill level 5 in Spellcasting
  5987 | Lair:1   | Reached XP level 12. HP: 48/57 MP: 1/20
  6127 | Lair:3   | Noticed a boulder beetle
  6128 | Lair:3   | Found a gate leading to a gauntlet.
  6139 | Gauntlet | Entered a Gauntlet
  6139 | Gauntlet | Found a transporter.
  6139 | Gauntlet | Noticed a great orb of eyes
  6142 | Gauntlet | Found a transporter.
  6143 | Gauntlet | Found a transporter.
  6144 | Gauntlet | Noticed a quicksilver ooze
  6147 | Gauntlet | Found a transporter.
  6155 | Gauntlet | Found a transporter.
  6155 | Gauntlet | Found a transporter.
  6156 | Gauntlet | Found a transporter.
  6160 | Gauntlet | Found a transporter.
  6198 | Gauntlet | Identified the +0 cloak of the Villain {rC+ Regen+}
  6210 | Gauntlet | Noticed a great orb of eyes
  6227 | Gauntlet | Identified the ring "Xerghepla" {*Slow rF+ rN+ Str+3 SInv}
  6241 | Gauntlet | Identified the +6 scale mail of the Abyss {rF+ Str+3 Int-3
                  | Dex+6}
  6241 | Gauntlet | Noticed a minotaur
  6256 | Gauntlet | Killed a minotaur
  6257 | Gauntlet | Reached skill level 12 in Hexes
  6264 | Gauntlet | Learned a level 2 spell: Blink
  6268 | Gauntlet | Learned a level 3 spell: Teleport Other
  6271 | Lair:3   | Found a runed translucent door.
  6272 | Lair:3   | Found a shimmering altar of Xom.
  6272 | Lair:3   | Noticed dolemite99's ghost (journeyman MiBe)
  6279 | Lair:3   | Found a shimmering altar of Xom.
  6314 | Lair:2   | Noticed an eight-headed hydra
  6320 | Lair:2   | Killed an eight-headed hydra
  6321 | Lair:2   | Reached skill level 1 in Translocations
  6339 | Lair:2   | Found a hole to the Spider Nest.
  6347 | Lair:2   | Noticed a six-headed hydra
  6368 | Lair:3   | Found a staircase to the Swamp.
  6380 | Lair:3   | Noticed a boulder beetle
  6393 | Lair:3   | Killed a boulder beetle
  6419 | Lair:3   | You fall into a shaft and drop 2 floors!
  6723 | Lair:5   | Found a transporter.
  6725 | Lair:5   | Noticed a boulder beetle
  6726 | Lair:5   | Found a transporter.
  6726 | Lair:5   | Noticed a boulder beetle
  6726 | Lair:5   | Noticed a boulder beetle
  6743 | Lair:6   | Entered Level 6 of the Lair of Beasts
  6743 | Lair:6   | Noticed a death yak
  6743 | Lair:6   | Noticed a death yak
  6743 | Lair:6   | Noticed a death yak
  6743 | Lair:6   | Noticed a death yak
  6743 | Lair:6   | Noticed a death yak
  6763 | Lair:6   | Reached skill level 5 in Translocations
  6842 | Lair:6   | Found a staircase to the Slime Pits.
  6933 | Lair:5   | Noticed a four-headed hydra
  7031 | Lair:5   | Noticed a six-headed hydra
  7039 | Lair:5   | Killed a six-headed hydra
  7040 | Lair:5   | Reached skill level 13 in Hexes
  7217 | Lair:4   | Identified a scroll of acquirement
  7218 | Lair:4   | Acquired the +7 captain's cutlass {speed, disarm}
  7219 | Lair:4   | Found the +7 captain's cutlass {speed, disarm}
  7273 | Lair:4   | Noticed a six-headed hydra
  7284 | Lair:4   | Noticed a death yak
  7285 | Lair:4   | Noticed a death yak
  7309 | Lair:4   | Noticed a five-headed hydra
  7316 | Lair:4   | Killed a five-headed hydra
  7350 | Lair:3   | Killed a boulder beetle
  7351 | Lair:3   | Reached skill level 14 in Hexes
  7351 | Lair:3   | Reached XP level 13. HP: 60/60 MP: 26/26
  7469 | Spider:1 | Entered Level 1 of the Spider Nest
  7542 | Spider:3 | Reached skill level 1 in Invocations
  7600 | Spider:4 | Entered Level 4 of the Spider Nest
  7750 | Spider:3 | Noticed a spark wasp
  7807 | Spider:4 | Noticed an emperor scorpion
  7866 | Spider:4 | Reached skill level 10 in Dodging
  7906 | Spider:4 | Killed an emperor scorpion
  7958 | Spider:4 | Reached skill level 15 in Hexes
  7965 | Spider:4 | Noticed an emperor scorpion
  7980 | Spider:4 | Killed an emperor scorpion
  7980 | Spider:4 | Reached ***** piety under Dithmenos
  7987 | Spider:4 | Noticed an entropy weaver
  8005 | Spider:4 | Noticed an emperor scorpion
  8005 | Spider:4 | Noticed an emperor scorpion
  8005 | Spider:4 | Noticed a ghost moth
  8006 | Spider:4 | Noticed an emperor scorpion
  8015 | Spider:4 | Noticed a ghost moth
  8015 | Spider:4 | Noticed an emperor scorpion
  8028 | Spider:4 | Got a gossamer rune of Zot
  8057 | Spider:4 | Reached skill level 5 in Invocations
  8178 | Lair:3   | HP: 2/55 [bog body (13)]
  8179 | Lair:3   | Slain by a bog body

Illustrated notes

Levels and vault maps discovered:
D:1:      minmay_arrival_checkered_box, layout_basic,
          hellmonk_ecumenical_altar_inner_sanctum
D:2:      kennysheep_the_goblin_king, layout_loops_ring, basic_altar,
          moated_statue
D:3:      layout_basic, guppyfry_early_lair_pool
D:4:      layout_loops_ring, doesnt_xom_only_xom, uniq_sigmund, uniq_grinder,
          uniq_crazy_yiuf_cottage
D:5:      layout_basic, yredelemnul_forgotten_temple_becter,
          lemuel_coloured_pillars_altar, ebering_ghost_rock_garden,
          guppyfry_early_orc_mine
D:6:      layout_gridville, minmay_misc_feat_roman, uniq_menkaure
D:7:      layout_cave_pods, minmay_temple_entry_antechambers
D:8:      layout_cave_pools, general_overflow_altar, uniq_harold, uniq_grum
D:9:      layout_loops_corners, amethyst_overflow_temple_binary,
          minmay_lair_entry_grove, orc_0_dummy, minivault_20,
          nicolae_transmutations_shop, kennysheep_flooded_box
D:10:     layout_roguey, kennysheep_mini_moat, bloody_trog
D:11:     layout_roguey, uniq_snorg
D:12:     layout_small_grid, serial_shops, kennysheep_little_box,
          nicolae_ashenzari_skybound
D:13:     layout_grid_maze, grunt_vaults_entry_tiered,
          portal_ice_cave_entry_pillars_1, serial_shops, shop, uniq_azrael
D:14:     layout_loops_ring, amcnicky_mini_rare_corridor_liquid, serial_shops,
          shop, cheibrodos_worm_habitat
D:15:     grunt_enter_depths_giant_problem, layout_long_grid,
          minmay_misc_feat_iff, library_closet, kiku_gazebo_pond_becter,
          uniq_jorgrun
Temple:   eino_narrow_crystal_temple
Lair:1:   kb_forest_paths, layout_gridlike
Lair:2:   layout_cave_shapes, spider_nest_entry_web_field
Lair:3:   layout_chaotic_city, skrybe_swamp_entry_bodies, ebering_ghost_xom,
          gauntlet_entry_generic, basic_altar, serial_bayou_pond_d
Lair:4:   layout_misc_corridors
Lair:5:   gammafunk_boulding_lane, layout_cellular_growth
Lair:6:   gammafunk_lair_ancient_temple, layout_cave_pods,
          nicolae_slime_entry_slimehenge, pond, infiniplex_staircase_pool_2
Spider:1: layout_spider_delve, drop_trap
Spider:2: layout_spider_delve
Spider:3: nicolae_spider_hall_of_the_moth_king
Spider:4: grunt_spider_rune_circles, nicolae_spider_bug_shape
Orc:1:    layout_caves, serial_shops, shop_fountains, uniq_josephine
Orc:2:    kennysheep_orc_mage_school, layout_diamond_mine
Elf:1:    eino_elf_arrival_customs, layout_loops_cross, serial_shops, shop,
          minmay_elf_annihilation

Skill      XL: |  1  2  3  4  5  6  7  8  9 10 11 12 13 |
---------------+----------------------------------------+-----
Stealth        | 6 7 8 10 11 12 13 14 | 14.3
Short Blades   | 3 4 5 6 7 8 9 10 11 | 11.6
Hexes          | 4 5 7 8 9 10 11 14 15 | 15.2
Spellcasting   | 3 5 8 |  8.0
Dodging        | 3 6 8 9 10 | 10.5
Fighting       | 3 |  3.6
Transmutations | 2 9 |  9.4
Translocations | 8 |  8.2
Invocations    | 5 |  5.3

Action                   |  1- 3 |  4- 6 |  7- 9 | 10-12 | 13-15 || total
-------------------------+-------+-------+-------+-------+-------++-------
Melee: Dagger            |    56 |    37 |    65 |   449 |       ||   607
       Cutlass           |       |       |       |    36 |   158 ||   194
       Staff             |       |       |       |     5 |       ||     5
Throw: Dart              |       |       |       |     1 |     2 ||     3
 Cast: Corona            |    10 |       |       |     2 |       ||    12
       Ensorcelled Hiber |     8 |    12 |    12 |    67 |    48 ||   147
       Confusing Touch   |       |     3 |     4 |     9 |     1 ||    17
       Tukima's Dance    |       |       |     4 |     9 |       ||    13
       Dazzling Flash    |       |       |     3 |    40 |    15 ||    58
       Wereblood         |       |       |       |     3 |     2 ||     5
       Teleport Other    |       |       |       |     1 |     4 ||     5
       Cause Fear        |       |       |       |     1 |     2 ||     3
Invok: Shadow Form       |       |       |       |       |     1 ||     1
Evoke: Wand              |       |       |       |    12 |       ||    12
       Phial of floods   |       |       |       |     1 |       ||     1
       Phantom mirror    |       |       |       |     1 |       ||     1
  Use: Scroll            |       |     1 |     9 |    17 |     2 ||    29
       Potion            |       |       |       |     6 |     4 ||    10
 Stab: Sleeping          |    11 |    11 |    26 |    70 |    42 ||   160
       Confused          |       |     6 |     3 |     3 |     3 ||    15
       Invisible         |       |       |     2 |    34 |    22 ||    58
       Held in net/web   |       |       |       |       |     5 ||     5
Armor: Robe              |     7 |     2 |     4 |     9 |       ||    22
       Troll leather arm |       |       |       |    13 |    15 ||    28
Dodge: Dodged            |    60 |    29 |    65 |   602 |   233 ||   989

Table legend: (Time is in decaauts)
 A = Elapsed time spent in this place.
 B = Non-inter-level travel time spent in this place.
 C = Inter-level travel time spent in this place.
 D = Time resting spent in this place.
 E = Time spent auto-exploring this place.
 F = Levels seen in this place.
 G = Mean time per level.
                   A        B        C        D        E       F      G
               +--------+--------+--------+--------+--------+-----+--------+
         Total |   5280 |   5163 |    117 |     19 |      0 |  31 |  170.3 |
       Dungeon |   3120 |   3018 |    102 |     19 |      0 |  15 |  208.0 |
        Temple |     17 |     17 |      0 |      0 |      0 |   1 |   17.0 |
          Lair |    999 |    999 |      0 |      0 |      0 |   6 |  166.5 |
   Spider Nest |    410 |    402 |      8 |      0 |      0 |   4 |  102.5 |
  Orcish Mines |    619 |    613 |      6 |      0 |      0 |   2 |  309.5 |
   Elven Halls |      1 |      1 |      0 |      0 |      0 |   1 |    1.0 |
      Ice Cave |     23 |     23 |      0 |      0 |      0 |   1 |   23.0 |
      Gauntlet |     87 |     87 |      0 |      0 |      0 |   1 |   87.0 |
               +--------+--------+--------+--------+--------+-----+--------+

Top non-repeatable levels by time:
   Orc:2: 479 daAuts
    D:11: 404 daAuts
     D:9: 330 daAuts
    D:10: 288 daAuts
    D:12: 287 daAuts
     D:5: 277 daAuts
     D:8: 259 daAuts
     D:6: 254 daAuts
  Lair:5: 244 daAuts
  Lair:3: 216 daAuts
     D:1: 212 daAuts
    D:13: 193 daAuts
Spider:4: 192 daAuts
     D:7: 186 daAuts
     D:2: 170 daAuts
